 Seeded DCSS version 0.31-a0-204-g7da18cac08 (webtiles) character file.

Game seed: 796492165999276889 (custom seed)

66 innerfire43 the Chopper (level 3, -6/30 HPs)
             Began as a Demonspawn Monk on June 27, 2023.
             Was an Initiate of Gozag.
             Mangled by an orc priest
             ... wielding a +0 trident
              (7 damage)
             ... on level 3 of the Dungeon.
             The game lasted 00:01:51 (1992 turns).

innerfire43 the Chopper (Demonspawn Monk)           Turns: 1992, Time: 00:01:52

Health: -6/30      AC:  7    Str: 13    XL:     3   Next: 96%
Magic:  3/3        EV: 12    Int: 11    God:    Gozag
Gold:   76         SH:  0    Dex: 15    Spells: 2/2 levels left

rFire   + . .        a - +0 hand axe
rCold   x . .        d - orb {light}
rNeg    . . .        k - +0 acid dragon scales
rPois   .            (helmet restricted)
rElec   .            (no cloak)
rCorr   +            p - +0 pair of gloves
SInv    .            (no boots)
Will    .....        (no amulet)
Stlth   +            l - ring of fire
HPRegen 0.25/turn    (no ring)
MPRegen 0.08/turn

%: no passive effects
@: glowing
A: antennae 1
a: Renounce Religion, Potion Petition, Call Merchant, Bribe Branch


You were on level 3 of the Dungeon.
You worshipped Gozag.
Gozag was noncommittal.
You visited 1 branch of the dungeon, and saw 3 of its levels.

You collected 76 gold pieces.

Inventory:

Hand Weapons
 a - a +0 hand axe (weapon)
Armour
 b - a +0 robe
 d - an orb of light (worn)
 k - +0 acid dragon scales (worn)
 p - a +0 pair of gloves (worn)
Jewellery
 l - a ring of fire (left hand)
Scrolls
 f - a scroll of enchant weapon {unknown}
 g - a scroll of teleportation {unknown}
 h - 2 scrolls of torment {unknown}
 j - a scroll of enchant armour {unknown}
 m - a scroll of amnesia {unknown}
 n - a scroll of vulnerability {unknown}
 o - a scroll of silence {unknown}
Potions
 c - a potion of ambrosia
 e - a potion of attraction {unknown}
 i - 3 potions of heal wounds {unknown}
 q - a potion of curing {unknown}


   Skills:
 + Level 3.7 Fighting
 * Level 3.8 Axes
 - Level 2.8 Dodging


You had 2 spell levels left.
You didn't know any spells.
Your spell library was empty.

Dungeon Overview and Level Annotations

Branches:
Dungeon (3/15)

Altars:
Gozag
Ru


Innate Abilities, Weirdness & Mutations

You have a pair of small antennae on your head.


Message History

The orc priest is lightly wounded.
The orc priest closely misses you.
You hit the orc priest.
The orc priest is lightly wounded.
The orc priest hits you with a +0 trident.
You hit the orc priest.
The orc priest is moderately wounded.
The orc priest closely misses you.
You hit the orc priest but do no damage.
The orc priest is moderately wounded.
The orc priest hits you but does no damage.
You hit the orc priest but do no damage.
The orc priest is moderately wounded.
The orc priest hits you but does no damage.
The orc priest completely misses you.
You hit the orc priest but do no damage.
The orc priest is moderately wounded.
The orc priest hits you with a +0 trident.
You hit the orc priest.
The orc priest is heavily wounded.
The orc priest completely misses you.
You hit the orc priest but do no damage.
The orc priest is heavily wounded.
The orc priest hits you with a +0 trident.
You barely miss the orc priest.
The orc priest is heavily wounded.
The orc priest hits you with a +0 trident!
* * * LOW HITPOINT WARNING * * *
You hit the orc priest.
The orc priest is heavily wounded.
The orc priest hits you with a +0 trident.
* * * LOW HITPOINT WARNING * * *
You hit the orc priest.
The orc priest is severely wounded.
The orc priest hits you with a +0 trident.
* * * LOW HITPOINT WARNING * * *
The orc priest attacks as you move away!
The orc priest hits you with a +0 trident!
You die...
Your body crumbles into a pile of gold.

########## ##
##........# ...
$.........#
....###........##
#.............#
#.<........#
#..........#
#...<......#
#...$@...(.##
#.....o.....#
###.#.$..##..
#.#....# #.#....#
[.#....# .##....#
#. #..... #....##


You could see an orc priest.

Vanquished Creatures
  3 adders (D:2)
  3 orcs (D:2)
  3 endoplasms
  2 giant cockroaches (D:2)
  7 hobgoblins
  3 kobolds
  A quokka (D:1)
  3 ball pythons
  3 bats
  5 frilled lizards
  4 rats
37 creatures vanquished.

Notes
Turn   | Place    | Note
-------+----------+-------------------------------------------
     0 | D:1      | innerfire43 the Demonspawn Monk began the quest for the
                  | Orb.
     0 | D:1      | Reached XP level 1. HP: 18/18 MP: 1/1
   340 | D:1      | Gained mutation: You have a pair of small antennae on your
                  | head. [demonic ancestry]
   340 | D:1      | Reached XP level 2. HP: 17/24 MP: 2/2
  1118 | D:2      | Reached XP level 3. HP: 29/29 MP: 3/3
  1146 | D:2      | Found a sacrificial altar of Ru.
  1783 | D:2      | Found a faded altar of an unknown god.
  1790 | D:2      | Prayed at the altar of an unknown god.
  1790 | D:2      | Became a worshipper of Gozag Ym Sagoz the Greedy
  1991 | D:3      | HP: 1/30 [orc priest/+0 trident (2)]
  1992 | D:3      | Mangled by an orc priest

Illustrated notes

Levels and vault maps discovered:
D:1:      erik_arrival_orb_chamber, layout_basic, serial_forest,
          infiniplex_forest_end_3, infiniplex_forest_clump_long,
          infiniplex_forest_clump_diagonal, infiniplex_forest_lined_3,
          infiniplex_forest_lined_room_3, infiniplex_forest_end_double,
          infiniplex_forest_clump_tiny, grunt_decor_mini_mirrors,
          wander_ebering_terrifying_dragon_lair
D:2:      layout_basic, shapermc_ecumenical_altar_petra, basic_altar
D:3:      layout_rooms

Skill      XL: |  1  2 |
---------------+-------+-----
Axes           | 3 |  3.8
Fighting       | |  3.7
Dodging        | |  2.8

Action                     || total
---------------------------++-------
  Melee: Hand axe          ||   139
 Armour: Robe              ||     4
         Acid dragon scale ||    37
  Dodge: Dodged            ||    85

Table legend: (Time is in decaauts)
 A = Elapsed time spent in this place.
 B = Non-inter-level travel time spent in this place.
 C = Inter-level travel time spent in this place.
 D = Time resting spent in this place.
 E = Time spent auto-exploring this place.
 F = Levels seen in this place.
 G = Mean time per level.
                   A        B        C        D        E       F      G
               +--------+--------+--------+--------+--------+-----+--------+
         Total |   2012 |   1948 |     64 |      0 |   1581 |   3 |  670.7 |
       Dungeon |   2012 |   1948 |     64 |      0 |   1581 |   3 |  670.7 |
               +--------+--------+--------+--------+--------+-----+--------+

Top non-repeatable levels by time:
     D:1: 1113 daAuts
     D:2: 860 daAuts
     D:3: 39 daAuts
